 Dungeon Crawl Stone Soup version 0.28-a0-1594-ga885d4b3d6 (webtiles) character file.

Game seed: 16042514250029410332

1245 wakim the Ruffian (level 8, 0/79 HPs)
             Began as a Troll Fighter on Jan 20, 2022.
             Was an Initiate of Yredelemnul.
             Killed from afar by an orc wizard (1 damage)
             ... with a magic dart
             ... on level 5 of the Dungeon.
             The game lasted 00:19:45 (3847 turns).

wakim the Ruffian (Troll Fighter)                   Turns: 3847, Time: 00:19:46

Health: 0/79       AC: 10    Str: 25    XL:     8   Next: 25%
Magic:  8/8        EV:  9    Int:  4    God:    Yredelemnul [......]
Gold:   280        SH:  8    Dex: 11    Spells: 7/7 levels left

rFire   . . .      SeeInvis .     - Unarmed
rCold   . . .      Faith    .   R - +0 kite shield
rNeg    + . .      Spirit   .   a - +0 robe
rPois   .          Reflect  .   (helmet restricted)
rElec   .          Harm     .   P - +1 cloak
rCorr   .          Rampage  .   (gloves unavailable)
Will    .....                   (boots unavailable)
Stlth   +.........              U - amulet of magic regeneration
HPRegen 1.03/turn               S - +4 ring of protection
MPRegen 0.51/turn               V - ring of positive energy

@: lethally poisoned (0 -> 0)
A: large, unfitting armour, claws 3, regeneration 1, shaggy fur 1, tough skin 1
a: Renounce Religion, Recall Undead Harvest


You were on level 5 of the Dungeon.
You worshipped Yredelemnul.
Yredelemnul was noncommittal.
You visited 1 branch of the dungeon, and saw 5 of its levels.

You collected 280 gold pieces.

Inventory:

Hand Weapons
 b - a +1 war axe of venom
Missiles
 X - 6 boomerangs (quivered)
Armour
 a - a +0 robe (worn)
 P - a +1 cloak (worn)
 R - a +0 kite shield (worn)
Jewellery
 S - a +4 ring of protection (left claw)
 U - an amulet of magic regeneration (around neck)
 V - a ring of positive energy (right claw)
Scrolls
 O - a scroll of enchant weapon
 Q - 3 scrolls of immolation {!r!r}
 Y - a scroll of summoning {unknown}
 Z - a scroll of enchant armour {unknown}
Potions
 A - 2 potions of ambrosia


   Skills:
 + Level 4.4 Fighting
 - Level 2.4 Dodging
 + Level 5.2 Shields
 * Level 6.5 Unarmed Combat
 + Level 2.4 Invocations


You had 7 spell levels left.
You didn't know any spells.
Your spell library contained the following spells:

 Spells                   Type           Power      Damage    Failure   Level
 Freeze                   Ice            0%         1d3       77%         1
 Blink                    Tloc           0%         N/A       88%         2
 Frozen Ramparts          Ice            0%         1d2       98%         3
 Portal Projectile        Hex/Tloc       0%         N/A       98%         3
 Hailstorm                Conj/Ice       0%         3d3       100%        4
 Fireball                 Conj/Fire      0%         3d3       100%        5
 Manifold Assault         Tloc           0%         N/A       100%        5
 Silence                  Hex/Air        0%         N/A       100%        5
 Yara's Violent Unravell  Hex/Tmut       0%         3d3       100%        5
 Starburst                Conj/Fire      0%         6d3       100%        6
 Storm Form               Tmut/Air       0%         N/A       100%        7
 Ignition                 Fire           0%         3d3       100%        8


Dungeon Overview and Level Annotations

Branches:
Dungeon (5/15)
 Temple: D:4-7

Altars:
Qazlal
Uskayaw
Yredelemnul


Innate Abilities, Weirdness & Mutations

You are too large for most types of armour.
You have claws for hands.
Your natural rate of healing is unusually fast.
You are covered in fur. (AC +1)
You have tough skin. (AC +1)


Message History

You are poisoned.
You miss something.
You feel sick. Something hits you.
* * * LOW HITPOINT WARNING * * *
Your orc zombie closely misses something.
You barely miss something.
You feel sick. Something hits you but does no damage.
You are more poisoned.
Your orc zombie barely misses something.
You closely miss something.
You feel very sick. Something hits you.
* * * LOW HITPOINT WARNING * * *
You closely miss something.
You feel very sick.
Your orc zombie hits something but does no damage.
Something hits your orc zombie.
Unknown command.
You miss something.
You feel sick.
Your orc zombie hits something but does no damage.
Something hits you.
* * * LOW HITPOINT WARNING * * *
You are more poisoned.
You feel very sick.
You feel very sick.
You feel very sick.
You feel very sick.
You feel sick.
A magic dart appears from out of thin air!
The magic dart hits you.
* * * LOW HITPOINT WARNING * * *
You feel sick.
A puff of flame appears from out of thin air!
The puff of flame hits you.
* * * LOW HITPOINT WARNING * * *
* * * LOW HITPOINT WARNING * * *
You feel sick.
A magic dart appears from out of thin air!
The magic dart hits you.
You die...
Your body rises from the dead as a mindless zombie.

.........Z.Z##.#####.#.#
..######.#.###.# #.#.#
≈.# #.### #.# #.#.# ..#
#.# #.# #.#.# .Z# #.#
#.# #.#.# ≈.# #.# #.#
#Z#.# ≈Z# #.#####.# #.#
≈Z# #.......#####{# #.#
##.###...@....# #.## #.#
########## #..# #.# ##.#
#.# #.# #.# ##.# #.#
.#.# #.#### .#.# #....#
.#Z# #.##.# #


There were no monsters in sight!

Vanquished Creatures
  Sigmund (D:5)
  A black bear (D:5)
  A necrophage (D:5)
  2 scorpions
  A water moccasin skeleton (D:4)
  4 hounds
  2 bullfrog skeletons
  An iguana (D:5)
  4 orc wizards
  2 scorpion zombies (D:4)
  A hound skeleton (D:4)
  A howler monkey zombie (D:4)
  Robin (D:2)
  9 adders
  2 adder zombies
  2 worms (D:4)
  A dart slug (D:1)
  17 orcs
  7 endoplasms
  5 giant cockroaches
  14 goblins
  8 hobgoblins
  3 quokkas
  6 ball pythons
  4 bats
  2 frilled lizards
  7 kobolds
  4 rats
113 creatures vanquished.

Vanquished Creatures (collateral kills)
  2 centaurs (D:5)
2 creatures vanquished.

Vanquished Creatures (others)
  A centaur zombie (D:5)
  A scorpion zombie (D:5)
  A hound zombie (D:5)
  An iguana zombie (D:5)
  An orc zombie (D:5)
  2 adder zombies (D:5)
7 creatures vanquished.

Grand Total: 122 creatures vanquished

Notes
Turn   | Place    | Note
-------+----------+-------------------------------------------
     0 | D:1      | wakim the Troll Fighter began the quest for the Orb.
     0 | D:1      | Reached XP level 1. HP: 22/22 MP: 0/0
    54 | D:1      | Found a faded altar of an unknown god.
   111 | D:1      | Reached XP level 2. HP: 29/29 MP: 1/1
   354 | D:1      | !bestwep
   539 | D:1      | Got the Volume of Flying Curses
   605 | D:2      | Reached XP level 3. HP: 36/36 MP: 2/2
   795 | D:2      | Reached skill level 3 in Unarmed Combat
  1383 | D:2      | Noticed Robin
  1395 | D:2      | Reached XP level 4. HP: 44/44 MP: 3/3
  1403 | D:2      | Killed Robin
  1429 | D:2      | !bestwep
  1926 | D:3      | Noticed a scorpion
  1940 | D:3      | Killed a scorpion
  1940 | D:3      | HP: 2/44 [poisoned by a scorpion]
  1941 | D:3      | Reached XP level 5. HP: 2/53 MP: 4/4
  1945 | D:3      | HP: 2/53 [poisoned by a scorpion]
  2728 | D:4      | Reached skill level 4 in Unarmed Combat
  2789 | D:4      | Reached XP level 6. HP: 56/61 MP: 5/5
  3059 | D:4      | Found a basalt altar of Yredelemnul.
  3064 | D:4      | Became a worshipper of Yredelemnul the Dark
  3358 | D:5      | Entered Level 5 of the Dungeon
  3403 | D:5      | Reached skill level 5 in Unarmed Combat
  3403 | D:5      | Reached XP level 7. HP: 67/67 MP: 6/6
  3434 | D:5      | Reached * piety under Yredelemnul
  3515 | D:5      | Noticed Sigmund
  3516 | D:5      | Reached ** piety under Yredelemnul
  3517 | D:5      | Reached skill level 1 in Invocations
  3538 | D:5      | Killed Sigmund
  3583 | D:5      | Reached skill level 6 in Unarmed Combat
  3614 | D:5      | Reached skill level 5 in Shields
  3707 | D:5      | Found a hide-covered altar of Uskayaw.
  3712 | D:5      | Reached XP level 8. HP: 78/78 MP: 8/8
  3783 | D:5      | Found a stormy altar of Qazlal.
  3846 | D:5      | HP: 2/79 [something/puff of flame (6)]
  3847 | D:5      | Killed from afar by an orc wizard

Illustrated notes #.# #.#### #.# #.... ..# #########..#. #.# #............ #.# #........#.#### #.# #....@...#.##.###.#### #..(.....#.##..)#..... #........'..).....#### #........#........# # #........#.##.#....# # ####......)##.#....# # ##########.#.##.# ###.# .# #.# .### Turn 354 on D:1: !bestwep

##.....#
#.####...........
.......# #...
#...........
#....#+#.#
#...........
+........#
#...........
#........#
#...........
#........#
#...........
#.....)..#
########....
#####.)..#
########### #..@)#
#.....# #...)#
#.###.##### ####)#
#.# #.....# #)# #.#
#####.# #.# #.# #..
#.# #.#########
#######'#####.......#
#............######.#
#............# ####.#


Turn 1429 on D:2: !bestwep

Levels and vault maps discovered:
D:1:      doesnt_arrival_eight_statues, layout_basic,
          ebering_ecumenical_altar_abandoned
D:2:      layout_basic, minmay_between, uniq_robin
D:3:      layout_basic
D:4:      layout_rooms, nicolae_yredelemnul_corpse_copse, grunt_ministairs_6,
          minmay_crystal_room, hangedman_decor_points,
          minmay_goblin_kobold_house
D:5:      layout_loops_ring, nicolae_uskayaw_suspiria,
          mainiacjoe_overflow_small_starburst, kennysheep_generic_room_2,
          uniq_sigmund, uniq_pikel

Skill      XL: |  1  2  3  4  5  6  7 |
---------------+----------------------+-----
Shields        | 3 4 5 |  5.2
Unarmed Combat | 3 4 5 6 |  6.5
Fighting       | 3 4 |  4.4
Invocations    | 2 |  2.4
Dodging        | |  2.4

Action                   |  1- 3 |  4- 6 |  7- 9 || total
-------------------------+-------+-------+-------++-------
Melee: Unarmed           |    75 |   154 |    63 ||   292
       War axe           |     5 |     6 |       ||    11
Invok: Recall Undead Har |       |       |     6 ||     6
       Dark Bargain      |       |       |     1 ||     1
  Use: Scroll            |     1 |     8 |       ||     9
       Potion            |       |     2 |     1 ||     3
 Stab: Sleeping          |     1 |     1 |       ||     2
       Distracted        |       |       |     1 ||     1
Armor: Robe              |    22 |    57 |    41 ||   120
Dodge: Dodged            |    28 |    51 |    16 ||    95
Block: Kite shield       |    27 |    45 |    25 ||    97

Table legend: (Time is in decaauts)
 A = Elapsed time spent in this place.
 B = Non-inter-level travel time spent in this place.
 C = Inter-level travel time spent in this place.
 D = Time resting spent in this place.
 E = Time spent auto-exploring this place.
 F = Levels seen in this place.
 G = Mean time per level.
                   A        B        C        D        E       F      G
               +--------+--------+--------+--------+--------+-----+--------+
         Total |   3864 |   3665 |    199 |    153 |   2060 |   5 |  772.8 |
       Dungeon |   3864 |   3665 |    199 |    153 |   2060 |   5 |  772.8 |
               +--------+--------+--------+--------+--------+-----+--------+

Top non-repeatable levels by time:
     D:2: 1072 daAuts
     D:3: 1013 daAuts
     D:4: 690 daAuts
     D:1: 597 daAuts
     D:5: 491 daAuts
